 Dungeon Crawl Stone Soup version 0.30.0-19-g36f170ea60 (webtiles) character file.

Game seed: 4163107480303920988

448 Graphine the Chopper (level 7, 0/61 HPs)
             Began as a Hill Orc Monk on May 28, 2023.
             Was a Believer of Beogh.
             Splashed by a jelly's acid (2 damage)
             ... on level 4 of the Dungeon.
             The game lasted 00:10:34 (3978 turns).

Graphine the Chopper (Hill Orc Monk)                Turns: 3978, Time: 00:10:35

Health: 0/61       AC: -3    Str: 15 (16) XL:     7   Next: 3%
Magic:  9/9        EV: 10    Int: 15 (16) God:    Beogh [**....]
Gold:   245        SH:  0    Dex: 13      Spells: 6/6 levels left

rFire   . . .        b - +0 war axe
rCold   + . .        d - orb {light}
rNeg    . . .        k - +1 scale mail
rPois   .            (no helmet)
rElec   .            (no cloak)
rCorr   .            r - +0 pair of gloves of the Shore {Will+}
SInv    .            (no boots)
Will    +....        (no amulet) Stlth
                     e - +6 ring of intelligence
HPRegen 0.30/turn    f - ring of protection from cold
MPRegen 0.11/turn

%: no passive effects
@: corroded, hasted (expiring), glowing, very quick
A: no striking features
a: Renounce Religion, Smiting


You were on level 4 of the Dungeon.
You worshipped Beogh.
Beogh was pleased with you.
You visited 1 branch of the dungeon, and saw 5 of its levels.

You collected 245 gold pieces.

Inventory:

Hand Weapons
 a - a +0 hand axe
 b - a +0 war axe (weapon)
Armour
 d - an orb of light (worn)
 k - a +1 scale mail (worn)
 r - the +0 pair of gloves of the Shore (worn) {Will+}
   (You found it on level 3 of the Dungeon)

   Will:      It increases your willpower.
Jewellery
 e - a +6 ring of intelligence (left hand)
 f - a ring of protection from cold (right hand)
 i - a ring of fire
 q - a ring of resist corrosion
Scrolls
 l - a scroll of torment {unknown}
 m - 2 scrolls of enchant armour
 o - a scroll of amnesia {unknown}
 p - a scroll of fear
 t - 2 scrolls of identify
 u - a scroll of poison {unknown}
Potions
 c - 2 potions of ambrosia
 g - 4 potions of curing
 h - a potion of haste
 j - a potion of degeneration
 n - a potion of cancellation
 s - a potion of might


   Skills:
 + Level 5.2 Fighting
 + Level 5.7 Axes
 + Level 3.1 Armour
 - Level 2.4 Dodging
 + Level 3.1 Shields
 + Level 3.8 Invocations


You had 6 spell levels left.
You didn't know any spells.
Your spell library contained the following spells:

 Spells                   Type           Power      Damage    Failure   Level
 Ensorcelled Hibernation  Hex/Ice        0%         N/A       83%         2
 Ozocubu's Armour         Ice            0%         N/A       97%         3
 Spider Form              Tmut/Pois      0%         N/A       97%         3
 Tukima's Dance           Hex            0%         N/A       97%         3
 Anguish                  Hex/Necr       0%         N/A       100%        4
 Passage of Golubria      Tloc           0%         N/A       100%        4
 Yara's Violent Unravell  Hex/Tmut       0%         3d3       100%        5
 Ozocubu's Refrigeration  Ice            0%         4d7       100%        7


Dungeon Overview and Level Annotations

Branches:
Dungeon (5/15)
 Temple: D:4-7

Altars:
Nemelex Xobeh


Message History

There is a stone staircase leading down here.
You hit the phantom.
The phantom is heavily damaged.
You hit the jelly.
Your hands burn!
The jelly closely misses you. The phantom closely misses you.
You slash the phantom!
The phantom is almost destroyed.
You hit the jelly. The acid corrodes you!
Your hands burn!
The jelly closely misses you. The phantom hits you.
You hit the phantom but do no damage.
The phantom is almost destroyed.
You hit the jelly but do no damage.
Your hands burn!
The jelly hits you.
You are splashed with acid!
The phantom hits you.
You are too injured to fight recklessly!
You are too injured to fight recklessly!
You are too injured to fight recklessly!
Cleave: b) +0 war axe
Press: ? - help, Dir - move target, f - jelly
Aim: a jelly (heavily wounded, haloed, about 3% to evade your +0 war axe)
You hit the jelly but do no damage.
Your hands burn!
* * * LOW HITPOINT WARNING * * *
The jelly is heavily wounded.
You hit the phantom but do no damage. The jelly hits you.
* * * LOW HITPOINT WARNING * * *
You are splashed with acid!
* * * LOW HITPOINT WARNING * * *
The phantom hits you!
* * * LOW HITPOINT WARNING * * *
Cleave: b) +0 war axe
Press: ? - help, Dir - move target, f/p - jelly
Aim: a jelly (heavily wounded, haloed, about 3% to evade your +0 war axe)
Okay, then.
Okay, then.
Cleave: b) +0 war axe
Press: ? - help, Dir - move target, f - phantom, p - jelly
Aim: a phantom (almost destroyed, haloed, about 33% to evade your +0 war axe)
You hit the phantom but do no damage.
The phantom is almost destroyed.
You hit the jelly but do no damage. The acid corrodes you!
Your hands burn!
You die...

#.......########..# #....#
###.#...#.........#.####.####
......##..#.........##...#
....####.##.........#..###
..### #.####.........## ..#
##.##...........## ..#
#..##.##.....##..###### ..#
#.###.##..J..#........# .##
##.# #.#...@...........# ##
##..# #.#..W............#
##..## #.#...............#
##..## #.##..............#
#..## #.###...##........#
#.## ##.#####..#........# #.#
#..##..............# #.#
#>###.####........)#
#.######.....## ##........#


You could see a phantom and a jelly.

Vanquished Creatures
  An ice beast (D:5)
  A howler monkey (D:4)
  An iguana (D:5)
  Natasha (thrice) (D:4)
  The ghost of Sepo the Trooper, a weakling GrMo (D:3)
  Robin (D:2)
  3 gnolls (D:4)
  6 adders
  2 dart slugs (D:2)
  An orc (D:4)
  7 ball pythons
  3 bats
  6 endoplasms
  3 giant cockroaches (D:1)
  17 goblins
  6 hobgoblins
  14 jackals
  6 quokkas
  3 frilled lizards
  7 kobolds
  7 rats
99 creatures vanquished.

Vanquished Creatures (others)
  An orc priest (D:5)
1 creature vanquished.

Grand Total: 100 creatures vanquished

Notes
Turn   | Place    | Note
-------+----------+-------------------------------------------
     0 | D:1      | Graphine the Hill Orc Monk began the quest for the Orb.
     0 | D:1      | Reached XP level 1. HP: 19/19 MP: 1/1
    78 | D:1      | Reached XP level 2. HP: 27/27 MP: 2/2
   136 | D:1      | Reached skill level 1 in Invocations
   180 | D:1      | Reached skill level 1 in Armour
   192 | D:1      | Reached skill level 1 in Shields
   231 | D:1      | Reached XP level 3. HP: 33/33 MP: 3/3
   891 | D:2      | Reached XP level 4. HP: 40/40 MP: 5/5
  1049 | D:2      | Noticed Robin
  1065 | D:2      | Killed Robin
  1328 | D:2      | Found a sparkling altar of Nemelex Xobeh.
  1555 | D:2      | Found a faded altar of an unknown god.
  1835 | D:3      | Reached XP level 5. HP: 43/47 MP: 6/6
  1885 | D:3      | Identified the +0 pair of gloves of the Shore {Will+}
  2141 | D:3      | Reached skill level 5 in Axes
  2402 | D:3      | Found a runed translucent door.
  2403 | D:3      | Noticed Sepo's ghost (weakling GrMo)
  2795 | D:3      | Killed Sepo's ghost
  3434 | D:4      | Noticed Natasha
  3437 | D:4      | Killed Natasha
  3438 | D:4      | Reached XP level 6. HP: 53/53 MP: 8/8
  3579 | D:4      | Noticed Natasha
  3588 | D:4      | Killed Natasha
  3703 | D:4      | Noticed Natasha
  3710 | D:4      | Killed Natasha
  3802 | D:4      | Reached skill level 5 in Fighting
  3891 | D:5      | Entered Level 5 of the Dungeon
  3934 | D:5      | Noticed an ice beast
  3943 | D:5      | Killed an ice beast
  3944 | D:5      | Reached XP level 7. HP: 60/61 MP: 9/9
  3956 | D:5      | Became a worshipper of Beogh the Brigand
  3956 | D:5      | Reached * piety under Beogh
  3956 | D:5      | Reached ** piety under Beogh
  3977 | D:4      | HP: 2/61 [phantom (7)]
  3978 | D:4      | Splashed by a jelly's acid

Illustrated notes

Levels and vault maps discovered:
D:1:      roderic_crop_circles_arrival_small, layout_basic
D:2:      layout_loops_ring, basic_altar, shapermc_ecumenical_altar_pompeii,
          uniq_robin
D:3:      layout_basic, gammafunk_ghost_grave
D:4:      layout_rooms, uniq_natasha
D:5:      kennysheep_big_flooded_room, layout_gridville,
          nicolae_overflow_squiral, nicolae_shop_i_like_small_books_too,
          uniq_sigmund

Skill      XL: |  1  2  3  4  5  6 |
---------------+-------------------+-----
Invocations    | 1 2 3 |  3.8
Armour         | 1 2 3 |  3.1
Shields        | 1 2 3 |  3.1
Fighting       | 4 5 |  5.2
Axes           | 5 |  5.7
Dodging        | |  2.4

Action                     |  1- 3 |  4- 6 |  7- 9 || total
---------------------------+-------+-------+-------++-------
  Melee: Hand axe          |    59 |   169 |       ||   228
         War axe           |       |    33 |     9 ||    42
  Throw: Boomerang         |    61 |    31 |       ||    92
         Throwing net      |       |     1 |       ||     1
 Invoke: Convert to Beogh  |       |       |     1 ||     1
  Evoke: Wand              |       |     9 |       ||     9
    Use: Scroll            |     1 |     7 |       ||     8
         Potion            |       |     2 |       ||     2
 Armour: Robe              |     9 |     2 |       ||    11
         Scale mail        |       |    75 |     2 ||    77
         Leather armour    |       |     8 |       ||     8
  Dodge: Dodged            |    38 |   121 |     5 ||   164
